 Dungeon Sprint DCSS version 0.23.0-3-gf3c87f2 (webtiles) character file.

Game seed: 8156738875023105867

444 nuthulu the Martial Artist (level 7, -2/57 HPs)
             Began as a Gnoll Transmuter on Feb 21, 2019.
             Was an Elder of Dithmenos.
             Slain by a molten gargoyle
             ... wielding a +2 flail of protection
              (8 damage)
             ... in the Dungeon (Sprint VII: "The Pits").
             The game lasted 00:02:36 (1470 turns).

nuthulu the Martial Artist (Gnoll Transmuter)       Turns: 1470, Time: 00:02:36

Health: -2/57      AC:  2    Str: 13    XL:     7   Next: 3%
Magic:  15/17      EV: 26    Int: 17    God:    Dithmenos [****..]
Gold:   0          SH:  0    Dex: 20    Spells: 16/20 levels left

rFire    . . .     SeeInvis .     - Unarmed
rCold    . . .     Gourm    .   (shield currently unavailable)
rNeg     . . .     Faith    .   (armour currently unavailable)
rPois    x         Spirit   .   (helmet currently unavailable)
rElec    .         Reflect  .   (cloak currently unavailable)
rCorr    .         Harm     .   (gloves currently unavailable)
MR       .....     NoTele   +   (boots currently unavailable)
Stlth    +++++.....             (no amulet)
HPRegen  0.19/turn              (no ring)
MPRegen  0.15/turn              (no ring)

@: spider-form, wreathed by umbra
A: tiny, distributed training, strong nose
a: End Transformation, Shadow Step, Renounce Religion


You were in the Dungeon.
You worshipped Dithmenos.
Dithmenos was greatly pleased with you.
You were not hungry.
You were a venomous arachnid creature.
You visited 1 branch

Inventory:

Hand Weapons
 n - a +0 dagger of venom (melded)
Missiles
 a - 12 arrows
Armour
 b - a +0 robe (melded)
Scrolls
 j - a scroll of blinking
 k - 3 scrolls of remove curse
 l - 5 scrolls of amnesia
 m - a scroll of summoning
Potions
 c - 2 potions of invisibility
 e - 5 potions of curing
 f - 5 potions of heal wounds
 g - a potion of haste
 h - 4 potions of magic
 i - 2 potions of berserk rage
Comestibles
 d - 9 rations


   Skills:
 + Level 5.7 Fighting
 + Level 5.0 Short Blades
 + Level 5.0 Long Blades
 + Level 5.0 Axes
 + Level 5.0 Maces & Flails
 + Level 5.0 Polearms
 + Level 5.0 Staves
 + Level 5.0 Slings
 + Level 5.0 Bows
 + Level 5.0 Crossbows
 + Level 5.0 Throwing
 + Level 5.0 Armour
 + Level 6.8 Dodging
 + Level 5.0 Stealth
 + Level 5.0 Shields
 + Level 8.3 Unarmed Combat
 + Level 7.1 Spellcasting
 + Level 4.1 Conjurations
 + Level 4.1 Hexes
 + Level 4.1 Charms
 + Level 4.1 Summonings
 + Level 4.1 Necromancy
 + Level 4.1 Translocations
 + Level 5.7 Transmutations
 + Level 4.1 Fire Magic
 + Level 4.1 Ice Magic
 + Level 4.1 Air Magic
 + Level 4.1 Earth Magic
 + Level 4.1 Poison Magic
 + Level 5.5 Invocations
 + Level 5.0 Evocations


You had 16 spell levels left.
You knew the following spells:

 Your Spells              Type           Power        Failure   Level  Hunger
a - Beastly Appendage     Tmut           ####..       5%          1    None
b - Spider Form           Tmut/Pois      ###.......   14%         3    ##.....

Your spell library contained the following spells:

 Spells                   Type           Power        Failure   Level  Hunger
 Sticks to Snakes         Tmut           ####....     7%          2    None
 Ice Form                 Ice/Tmut       ###.....     34%         4    ####...
 Blade Hands              Tmut           ####......   52%         5    #####..


Dungeon Overview and Level Annotations

Branches:
Dungeon (1/1)

Altars:
Ashenzari
Cheibriados
Dithmenos
Elyvilon
Fedhas
Gozag
Hepliaklqana
Kikubaaqudgha
Makhleb
Nemelex Xobeh
Okawaru
Qazlal
Ru
Sif Muna
Trog
Uskayaw
Vehumet
Wu Jian
Xom
Yredelemnul
Zin
The Shining One
Beogh
Jiyva
Lugonu


Innate Abilities, Weirdness & Mutations

Your experience applies equally to all skills.
((You have very sharp teeth.))
Your uncanny sense of smell can sniff out nearby items.


Message History

The molten gargoyle blasts magma at you!
The bolt of magma misses you.
Unknown command.
Unknown command.
The molten gargoyle closely misses you.
You hit the molten gargoyle.
The molten gargoyle is lightly damaged.
The molten gargoyle blasts magma at you!
The bolt of magma misses you.
You hit the molten gargoyle but do no damage.
The molten gargoyle is lightly damaged.
Your shadow hits the molten gargoyle but does no damage.
The molten gargoyle blasts magma at you!
The bolt of magma misses you.
Unknown command.
You feel much better.
The molten gargoyle hits you with a +2 flail of protection!!
* * * LOW HITPOINT WARNING * * *
You are engulfed in flames!
You die...

#.##'#..#'###...<...#
#.#........##.......#
#)#........##.......#
#)###########.......#
#..#.#.## #########
#.......# ##.#.#.##
∆∆∆∆ #.......#+# ∆
##.#.#s##§+ ∆
#....§§9#§# ∆
##.#.#§§§§# ∆
##########


You could see a molten gargoyle.

Vanquished Creatures
  A porcupine (D)
  A floating eye (D)
  An ogre (D)
  A jelly (D)
  2 orc wizards (D)
  A worker ant (D)
  A gnoll (D)
  3 adders (D)
  A river rat (D)
  An ufetubus (D)
  A leopard gecko (D)
  2 orcs (D)
  A bat skeleton (D)
  A bat (D)
  A giant cockroach zombie (D)
  A rat (D)
20 creatures vanquished.

Notes
Turn   | Place    | Note
-------+----------+-------------------------------------------
     0 | D        | nuthulu the Gnoll Transmuter began the quest for the Orb.
     0 | D        | Reached XP level 1. HP: 17/17 MP: 6/6
    41 | D        | Found a bloodstained altar of Trog.
    41 | D        | Found a deep blue altar of Sif Muna.
    41 | D        | Found a viscous altar of Jiyva.
    41 | D        | Found a hazy altar of Hepliaklqana.
    41 | D        | Found an opulent altar of Gozag.
    42 | D        | Found a glowing golden altar of the Shining One.
    42 | D        | Found a glowing silver altar of Zin.
    42 | D        | Found a basalt altar of Yredelemnul.
    42 | D        | Found a shimmering altar of Xom.
    42 | D        | Found an ornate altar of the Wu Jian Council.
    42 | D        | Found a sacrificial altar of Ru.
    42 | D        | Found a stormy altar of Qazlal.
    42 | D        | Found an iron altar of Okawaru.
    42 | D        | Found a sparkling altar of Nemelex Xobeh.
    42 | D        | Found a burning altar of Makhleb.
    42 | D        | Found a blossoming altar of Fedhas.
    42 | D        | Found a white marble altar of Elyvilon.
    42 | D        | Found a shadowy altar of Dithmenos.
    42 | D        | Found a snail-covered altar of Cheibriados.
    43 | D        | Found a radiant altar of Vehumet.
    43 | D        | Found a corrupted altar of Lugonu.
    43 | D        | Found a roughly hewn altar of Beogh.
    44 | D        | Found a hide-covered altar of Uskayaw.
    44 | D        | Found an ancient bone altar of Kikubaaqudgha.
    44 | D        | Found a shattered altar of Ashenzari.
    50 | D        | Became a worshipper of Dithmenos the Shadowed
    66 | D        | Reached skill level 1 in Short Blades
    66 | D        | Reached skill level 1 in Long Blades
    66 | D        | Reached skill level 1 in Axes
    66 | D        | Reached skill level 1 in Maces & Flails
    66 | D        | Reached skill level 1 in Polearms
    66 | D        | Reached skill level 1 in Staves
    66 | D        | Reached skill level 1 in Slings
    66 | D        | Reached skill level 1 in Bows
    66 | D        | Reached skill level 1 in Crossbows
    66 | D        | Reached skill level 1 in Throwing
    66 | D        | Reached skill level 1 in Armour
    66 | D        | Reached skill level 1 in Stealth
    66 | D        | Reached skill level 1 in Shields
    66 | D        | Reached skill level 5 in Spellcasting
    66 | D        | Reached skill level 1 in Invocations
    66 | D        | Reached skill level 1 in Evocations
    66 | D        | Reached XP level 2. HP: 3/23 MP: 6/8
    68 | D        | Reached skill level 1 in Conjurations
    68 | D        | Reached skill level 1 in Hexes
    68 | D        | Reached skill level 1 in Charms
    68 | D        | Reached skill level 1 in Summonings
    68 | D        | Reached skill level 1 in Necromancy
    68 | D        | Reached skill level 1 in Translocations
    68 | D        | Reached skill level 1 in Fire Magic
    68 | D        | Reached skill level 1 in Ice Magic
    68 | D        | Reached skill level 1 in Air Magic
    68 | D        | Reached skill level 1 in Earth Magic
    68 | D        | Reached skill level 1 in Poison Magic
   455 | D        | Reached * piety under Dithmenos
   456 | D        | Noticed a floating eye
   467 | D        | Killed a floating eye
   467 | D        | Reached skill level 5 in Dodging
   467 | D        | Reached skill level 7 in Unarmed Combat
   467 | D        | Reached XP level 3. HP: 30/30 MP: 8/10
   467 | D        | Reached XP level 4. HP: 37/37 MP: 8/11
   468 | D        | Reached XP level 5. HP: 42/42 MP: 8/13
   500 | D        | Learned a level 3 spell: Spider Form
   648 | D        | Reached ** piety under Dithmenos
   902 | D        | Noticed an ogre
   912 | D        | Killed an ogre
   912 | D        | Reached *** piety under Dithmenos
   912 | D        | Reached skill level 5 in Transmutations
   912 | D        | Reached XP level 6. HP: 42/50 MP: 10/15
   920 | D        | Reached skill level 5 in Fighting
   924 | D        | Reached **** piety under Dithmenos
   928 | D        | Reached skill level 8 in Unarmed Combat
   934 | D        | Reached skill level 5 in Invocations
  1120 | D        | Noticed a porcupine
  1127 | D        | Killed a porcupine
  1127 | D        | Reached skill level 5 in Short Blades
  1127 | D        | Reached skill level 5 in Long Blades
  1127 | D        | Reached skill level 5 in Axes
  1127 | D        | Reached skill level 5 in Maces & Flails
  1127 | D        | Reached skill level 5 in Polearms
  1127 | D        | Reached skill level 5 in Staves
  1127 | D        | Reached skill level 5 in Slings
  1127 | D        | Reached skill level 5 in Bows
  1127 | D        | Reached skill level 5 in Crossbows
  1127 | D        | Reached skill level 5 in Throwing
  1127 | D        | Reached skill level 5 in Armour
  1127 | D        | Reached skill level 5 in Stealth
  1127 | D        | Reached skill level 5 in Shields
  1127 | D        | Reached skill level 5 in Evocations
  1127 | D        | Reached XP level 7. HP: 29/57 MP: 12/17
  1458 | D        | Noticed a molten gargoyle
  1463 | D        | HP: 1/57 [molten gargoyle/bolt of magma (16)]
  1470 | D        | Slain by a molten gargoyle

Skill      XL: |  1  2  3  4  5  6 |
---------------+-------------------+-----
Short Blades   | 1 3 4 5 |  5.0
Long Blades    | 1 3 4 5 |  5.0
Axes           | 1 3 4 5 |  5.0
Maces & Flails | 1 3 4 5 |  5.0
Polearms       | 1 3 4 5 |  5.0
Staves         | 1 3 4 5 |  5.0
Slings         | 1 3 4 5 |  5.0
Bows           | 1 3 4 5 |  5.0
Crossbows      | 1 3 4 5 |  5.0
Throwing       | 1 3 4 5 |  5.0
Armour         | 1 3 4 5 |  5.0
Stealth        | 1 3 4 5 |  5.0
Shields        | 1 3 4 5 |  5.0
Spellcasting   | 5 6 7 |  7.1
Invocations    | 1 3 4 5 |  5.5
Evocations     | 1 3 4 5 |  5.0
Conjurations   | 2 3 4 |  4.1
Hexes          | 2 3 4 |  4.1
Charms         | 2 3 4 |  4.1
Summonings     | 2 3 4 |  4.1
Necromancy     | 2 3 4 |  4.1
Translocations | 2 3 4 |  4.1
Fire Magic     | 2 3 4 |  4.1
Ice Magic      | 2 3 4 |  4.1
Air Magic      | 2 3 4 |  4.1
Earth Magic    | 2 3 4 |  4.1
Poison Magic   | 2 3 4 |  4.1
Fighting       | 4 5 |  5.7
Dodging        | 5 6 |  6.8
Unarmed Combat | 7 8 |  8.3
Transmutations | 4 5 |  5.7

Action                   |  1- 3 |  4- 6 |  7- 9 || total
-------------------------+-------+-------+-------++-------
Melee: Unarmed           |    15 |    44 |     3 ||    62
       Bite              |     5 |       |     1 ||     6
       Kick              |     4 |       |       ||     4
       Dagger            |       |       |     1 ||     1
 Cast: Beastly Appendage |     4 |       |       ||     4
       Spider Form       |       |     5 |     1 ||     6
  Use: Potion            |     2 |       |     1 ||     3
 Stab: Sleeping          |     1 |     2 |       ||     3
  Eat: Chunk             |       |     1 |     1 ||     2
Armor: Robe              |     3 |     1 |       ||     4
Dodge: Dodged            |    14 |    61 |     5 ||    80
